 Dungeon Crawl Stone Soup version 0.30.0-17-ge0270778cf (webtiles) character file.

Game seed: 8157677527796579508

11 seandewar5 the Covert (level 2, 0/29 HPs)
             Began as a Gnoll Delver on May 21, 2023.
             Killed by divine providence
             ... invoked by an orc priest
              (12 damage)
             ... on level 2 of the Dungeon.
             The game lasted 00:02:51 (202 turns).

seandewar5 the Covert (Gnoll Delver)                 Turns: 202, Time: 00:02:52

Health: 0/29       AC:  8    Str: 11    XL:     2   Next: 25%
Magic:  2/2        EV:  6    Int:  9    God:
Gold:   0          SH:  0    Dex: 13    Spells: 1/1 levels left

rFire   . . .        a - +0 spear
rCold   . . .        (no shield)
rNeg    . . .        j - +0 chain mail
rPois   .            (no helmet)
rElec   .            (no cloak)
rCorr   .            (no gloves)
SInv    .            (no boots)
Will    .....        (no amulet)
Stlth   ++           (no ring)
HPRegen 0.24/turn    (no ring)
MPRegen 0.08/turn

%: no passive effects
@: no status effects
A: fangs 1, strong nose, distributed training
a: no special abilities


You were on level 2 of the Dungeon.
You visited 1 branch of the dungeon, and saw 4 of its levels.

Inventory:

Hand Weapons
 a - a +0 spear (weapon)
Armour
 b - a +0 leather armour
 j - a +0 chain mail (worn)
Wands
 g - a wand of digging (3)
Scrolls
 c - a scroll of fog
 h - a scroll of immolation {unknown}
 i - a scroll of identify {unknown}
Potions
 f - a potion of haste


   Skills:
 + Level 6.4 Fighting
 + Level 0.3 Short Blades
 + Level 0.3 Long Blades
 + Level 0.3 Axes
 + Level 0.3 Maces & Flails
 + Level 4.4 Polearms
 + Level 0.3 Staves
 + Level 0.3 Ranged Weapons
 + Level 0.3 Throwing
 + Level 0.3 Armour
 + Level 4.4 Dodging
 + Level 9.5 Stealth
 + Level 0.3 Shields
 + Level 0.3 Unarmed Combat
 + Level 0.3 Spellcasting
 + Level 0.2 Conjurations
 + Level 0.2 Hexes
 + Level 0.2 Summonings
 + Level 0.2 Necromancy
 + Level 0.2 Translocations
 + Level 0.2 Transmutations
 + Level 0.2 Fire Magic
 + Level 0.2 Ice Magic
 + Level 0.2 Air Magic
 + Level 0.2 Earth Magic
 + Level 0.2 Poison Magic
 + Level 0.4 Invocations
 + Level 0.3 Evocations


You had one spell level left.
You didn't know any spells.
Your spell library was empty.

Dungeon Overview and Level Annotations

Branches:
Dungeon (5/15)
 Temple: D:4-7

Altars:
Fedhas


Innate Abilities, Weirdness & Mutations

You have very sharp teeth.
Your uncanny sense of smell can sniff out nearby items.
Your experience applies equally to all skills.


Message History

A puff of flame appears from out of thin air!
The puff of flame misses you.
You closely miss something. Your bite misses something.
Something hits you but does no damage. The orc hits you with a +0 whip.
Something hits you but does no damage.
You miss something.
You feel less confused.
You hear some strange, mumbled words.
Something tries to affect you, but you resist.
You closely miss something. Something hits you. The orc closely misses you.
You hit something. You completely miss something. The orc barely misses you.
You hear some strange, mumbled words.
A magic dart appears from out of thin air!
The magic dart hits you!
* * * LOW HITPOINT WARNING * * *
The orc hits you with a +0 whip.
* * * LOW HITPOINT WARNING * * *
Okay, then.
Okay, then.
As you read the scroll of fear, it crumbles to dust.
You assume a fearsome visage.
The orc looks frightened! x2
Cornered, the orc turns to fight!
As you read the scroll of magic mapping, it crumbles to dust.
You feel aware of your surroundings.
Reach: a) +0 spear
Press: ? - help, Dir - move target, f - orc
Aim: an orc, wielding a +0 dagger (about 35% to evade your +0 spear)
You reach to attack!
You barely miss the orc. You hit the orc.
The orc is heavily wounded.
The orc hits you with a +0 dagger.
* * * LOW HITPOINT WARNING * * *
You hit the orc.
You kill the orc!
An orc priest comes into view. It is wielding a +0 club.
The orc priest shouts!
The orc priest mumbles some strange prayers to Beogh against you.
Beogh smites you!
You die...

#...o.# *,,,* *****,,,,
#.....####...* *,,,*,,,,
#........'...* *,,,*,,,,
#.....####..,* ****,,,*,,,,
##>....o.#..,* *,,,,,,*,,,,
##..###.#{#** *,,,,,,*,,,,
#......#.# *,,,,,,*****
#....$##.#######.o,,,,*****
#.....)...@....'..,,,,,,,,,
##.#..##########..,,,,*****
#......,,,* *,,,,,,*
###.#..#*,* *,,,********
#.##.#*,* *,,,* *,,,
#.#*..*,* *,,,* *,,,
#..,...,* *,,,* *,,,
##***...*****,,,*** *,,,
*,*,,,,,,,,,,,* *,,,


You could see an orc priest.

Vanquished Creatures
  A worm (D:4)
  2 orcs (D:2)
  2 jackals (D:4)
  A rat (D:2)
6 creatures vanquished.

Notes
Turn   | Place    | Note
-------+----------+-------------------------------------------
     0 | D:5      | Reached skill level 9 in Stealth
     0 | D:5      | seandewar5 the Gnoll Delver began the quest for the Orb.
     0 | D:5      | Reached XP level 1. HP: 23/23 MP: 1/1
   116 | D:3      | Found a blossoming altar of Fedhas.
   132 | D:2      | Reached XP level 2. HP: 29/29 MP: 2/2
   202 | D:2      | Killed from afar by an orc priest

Illustrated notes

Levels and vault maps discovered:
D:2:      layout_basic
D:3:      layout_rooms, mainiacjoe_overflow_catwalk, kennysheep_boxes,
          uniq_crazy_yiuf_cottage
D:4:      corexii_shack_village, layout_rooms, lightli_temple_of_fire,
          minmay_temple_entry_butterflies
D:5:      cheibrodos_barr_body, layout_basic, minitemple,
          gammafunk_ghost_abyssal_escape, hangedman_decor_push,
          kennysheep_pointless_box, reono_crystal_passage, uniq_menkaure

Skill      XL: | |
---------------+-+-----
Stealth        | |  9.5
Fighting       | |  6.4
Short Blades   | |  0.3
Long Blades    | |  0.3
Axes           | |  0.3
Maces & Flails | |  0.3
Polearms       | |  4.4
Staves         | |  0.3
Ranged Weapons | |  0.3
Throwing       | |  0.3
Armour         | |  0.3
Dodging        | |  4.4
Shields        | |  0.3
Unarmed Combat | |  0.3
Spellcasting   | |  0.3
Conjurations   | |  0.2
Hexes          | |  0.2
Summonings     | |  0.2
Necromancy     | |  0.2
Translocations | |  0.2
Transmutations | |  0.2
Fire Magic     | |  0.2
Ice Magic      | |  0.2
Air Magic      | |  0.2
Earth Magic    | |  0.2
Poison Magic   | |  0.2
Invocations    | |  0.4
Evocations     | |  0.3

Action                     || total
---------------------------++-------
  Melee: Spear             ||    48
         Bite              ||     5
    Use: Scroll            ||     2
   Stab: Sleeping          ||     1
 Armour: Leather armour    ||     2
         Chain mail        ||    10
  Dodge: Dodged            ||    14
